[ AOE2 MATCH · #505123461 ]
UnrankedMalians vs Bohemians
Player's team · WIN
[ REPLAY ANALYSIS · EXTRACTED FROM THE RECORDED GAME ]
Feudal
9:25
Castle
22:39
Imperial
33:21
| APM avg | 65.5 |
| APM peak | 107 |
| eAPM avg | 31.0 |
| Villagers / military | 101 / 32 |
Focus
⚔️ 52.2% · 🌾 47.8%
Archer ×18 · Militia ×4 · Mangonel ×4 · Scout Cavalry ×3 · Monk ×1 · Knight ×1
Feudal
9:26
Castle
22:36
Imperial
—
| APM avg | 94.9 |
| APM peak | 134 |
| eAPM avg | 61.2 |
| Villagers / military | 145 / 34 |
Focus
⚔️ 70.7% · 🌾 29.3%
Skirmisher ×28 · Mangonel ×5 · Monk ×1
Match map
Initial resources + every placement click. Lines = walls · curves = elevation contours. ◆ gold · ⬟ stone · ● berries · ✦ relic · ◌ wall gap
Your base· Open — opponent sealed themselves in
Ux'LobodeLaNieve's base· ✓ Closed at 22:36 · 53t walls · no gate
Smoothed initial terrain · ◌ = detected wall gap · hover for details
Inputs per minute
— wR.Monoz - - Ux'LobodeLaNieve
Build order — wR.Monoz
First 150 of 227 actions detected
| 0:00 | Create | Villager (Male) |
| 0:00 | Create | Villager (Male) |
| 0:01 | Create | Villager (Male) |
| 0:01 | Create | Villager (Male) |
| 0:02 | Build | House |
| 0:02 | Build | House |
| 1:22 | Create | Villager (Male) |
| 1:22 | Create | Villager (Male) |
| 1:58 | Build | Lumber Camp |
| 2:01 | Create | Villager (Male) |
| 2:01 | Create | Villager (Male) |
| 2:19 | Create | Villager (Male) |
| 2:19 | Create | Villager (Male) |
| 2:19 | Create | Villager (Male) |
| 2:35 | Create | Villager (Male) |
| 2:35 | Create | Villager (Male) |
| 2:58 | Build | House |
| 3:02 | Create | Villager (Male) |
| 3:03 | Create | Villager (Male) |
| 3:25 | Create | Villager (Male) |
| 3:25 | Create | Villager (Male) |
| 3:47 | Create | Villager (Male) |
| 3:48 | Create | Villager (Male) |
| 4:19 | Build | Barracks |
| 4:24 | Create | Villager (Male) |
| 4:24 | Create | Villager (Male) |
| 4:42 | Create | Villager (Male) |
| 4:43 | Create | Villager (Male) |
| 4:43 | Create | Villager (Male) |
| 4:49 | Build | House |
| 4:53 | Build | House |
| 4:55 | Create | Villager (Male) |
| 4:56 | Create | Villager (Male) |
| 4:56 | Create | Villager (Male) |
| 5:12 | Create | Militia |
| 5:12 | Create | Militia |
| 5:18 | Create | Villager (Male) |
| 5:48 | Create | Villager (Male) |
| 6:17 | Create | Villager (Male) |
| 6:17 | Research | Loom |
| 6:55 | Build | Mining Camp |
| 7:15 | Research | Feudal Age |
| 7:15 | Research | Feudal Age |
| 7:46 | Build | Mill |
| 7:54 | Create | Militia |
| 8:12 | Create | Militia |
| 8:17 | Build | House |
| 8:34 | Build | House |
| 8:34 | Build | Palisade Wall |
| 9:10 | Create | Villager (Male) |
| 9:25 | Age | Feudal Age |
| 9:26 | Research | Man-at-Arms (upgrade) |
| 9:26 | Research | Man-at-Arms (upgrade) |
| 9:26 | Research | Double-Bit Axe |
| 9:27 | Research | Double-Bit Axe |
| 9:41 | Build | Archery Range |
| 9:41 | Create | Villager (Male) |
| 9:42 | Create | Villager (Male) |
| 9:42 | Create | Villager (Male) |
| 10:05 | Research | Arson |
| 10:23 | Create | Villager (Male) |
| 10:23 | Create | Villager (Male) |
| 10:26 | Build | House |
| 10:41 | Create | Archer |
| 10:43 | Create | Archer |
| 10:47 | Research | Horse Collar |
| 10:47 | Research | Horse Collar |
| 11:04 | Create | Villager (Male) |
| 11:04 | Create | Villager (Male) |
| 11:18 | Build | Farm |
| 11:29 | Create | Villager (Male) |
| 11:29 | Create | Villager (Male) |
| 11:31 | Build | Farm |
| 11:35 | Build | House |
| 11:35 | Build | House |
| 11:52 | Create | Villager (Male) |
| 11:52 | Create | Villager (Male) |
| 12:14 | Create | Villager (Male) |
| 12:14 | Create | Archer |
| 12:30 | Build | Farm |
| 12:30 | Build | Farm |
| 12:30 | Create | Archer |
| 12:45 | Create | Villager (Male) |
| 12:46 | Build | Farm |
| 12:47 | Build | Farm |
| 12:57 | Create | Villager (Male) |
| 12:58 | Create | Villager (Male) |
| 13:00 | Build | Farm |
| 13:04 | Create | Villager (Male) |
| 13:04 | Create | Villager (Male) |
| 13:20 | Build | Farm |
| 13:23 | Create | Archer |
| 13:47 | Create | Villager (Male) |
| 13:53 | Build | Stable |
| 13:57 | Build | Stable |
| 13:59 | Create | Archer |
| 14:00 | Create | Villager (Male) |
| 14:18 | Build | Farm |
| 14:23 | Create | Villager (Male) |
| 14:27 | Create | Archer |
| 14:37 | Build | House |
| 14:42 | Build | Farm |
| 14:51 | Create | Scout Cavalry |
| 14:52 | Create | Scout Cavalry |
| 14:54 | Create | Archer |
| 15:06 | Create | Villager (Male) |
| 15:11 | Build | Palisade Wall |
| 15:22 | Build | Blacksmith |
| 15:24 | Create | Scout Cavalry |
| 15:35 | Create | Villager (Male) |
| 15:38 | Build | House |
| 15:41 | Create | Archer |
| 15:56 | Build | House |
| 15:57 | Build | House |
| 16:02 | Create | Archer |
| 16:05 | Build | Palisade Wall |
| 16:07 | Research | Fletching |
| 16:09 | Create | Villager (Male) ×5 |
| 16:09 | Create | Villager (Male) ×5 |
| 16:47 | Build | Farm |
| 16:48 | Build | Farm |
| 16:48 | Build | Farm |
| 16:48 | Build | Farm |
| 16:48 | Build | Farm |
| 17:02 | Create | Villager (Male) |
| 17:34 | Create | Villager (Male) |
| 17:36 | Build | Farm |
| 17:36 | Build | Farm |
| 17:39 | Create | Archer |
| 17:40 | Create | Archer |
| 17:40 | Create | Archer |
| 17:51 | Build | Watch Tower |
| 17:56 | Build | Watch Tower |
| 17:59 | Build | Watch Tower |
| 18:05 | Build | Farm |
| 18:15 | Build | Watch Tower |
| 18:18 | Build | Watch Tower |
| 18:27 | Build | Farm |
| 18:28 | Build | Farm |
| 18:30 | Create | Archer |
| 18:45 | Create | Villager (Male) |
| 18:46 | Build | Farm |
| 19:06 | Build | Mining Camp |
| 19:33 | Create | Archer |
| 19:59 | Research | Castle Age |
| 19:59 | Research | Castle Age |
| 20:12 | Create | Archer |
| 20:16 | Build | Lumber Camp |
| 20:18 | Build | Farm |
| 20:20 | Research | Gold Mining |
Build order — Ux'LobodeLaNieve
First 150 of 273 actions detected
| 0:06 | Create | Villager (Male) |
| 0:06 | Create | Villager (Male) |
| 0:07 | Build | House |
| 0:08 | Build | House |
| 0:13 | Create | Villager (Male) |
| 0:15 | Create | Villager (Male) |
| 1:19 | Create | Villager (Male) |
| 1:50 | Create | Villager (Male) |
| 1:51 | Create | Villager (Male) |
| 2:05 | Build | Lumber Camp |
| 2:13 | Create | Villager (Male) |
| 2:13 | Create | Villager (Male) |
| 2:34 | Create | Villager (Male) |
| 2:34 | Create | Villager (Male) |
| 2:56 | Create | Villager (Male) |
| 2:56 | Create | Villager (Male) |
| 3:19 | Create | Villager (Male) |
| 3:20 | Create | Villager (Male) |
| 3:51 | Create | Villager (Male) |
| 3:51 | Create | Villager (Male) |
| 3:55 | Build | House |
| 3:56 | Build | House |
| 4:15 | Create | Villager (Male) |
| 4:19 | Create | Villager (Male) |
| 5:00 | Build | Mill |
| 5:12 | Create | Villager (Male) |
| 5:20 | Create | Villager (Male) |
| 5:23 | Create | Villager (Male) |
| 5:26 | Create | Villager (Male) |
| 5:26 | Create | Villager (Male) |
| 5:27 | Create | Villager (Male) |
| 5:36 | Build | House |
| 5:57 | Create | Villager (Male) |
| 5:57 | Create | Villager (Male) |
| 6:05 | Build | Palisade Wall |
| 6:09 | Build | Palisade Wall |
| 6:11 | Build | Palisade Wall |
| 6:23 | Research | Loom |
| 6:27 | Build | Palisade Wall |
| 6:33 | Build | Palisade Wall |
| 6:50 | Build | Palisade Wall |
| 6:52 | Build | Palisade Wall |
| 6:57 | Build | Palisade Wall |
| 7:14 | Create | Villager (Male) |
| 7:15 | Research | Feudal Age |
| 7:47 | Build | Palisade Wall |
| 8:43 | Build | Barracks |
| 8:46 | Create | Villager (Male) |
| 8:50 | Build | Palisade Wall |
| 8:52 | Build | Palisade Wall |
| 8:57 | Build | Palisade Wall |
| 9:03 | Build | Palisade Wall |
| 9:13 | Create | Villager (Male) |
| 9:24 | Build | Palisade Wall |
| 9:26 | Age | Feudal Age |
| 9:40 | Create | Villager (Male) |
| 9:57 | Build | Archery Range |
| 10:00 | Create | Villager (Male) |
| 10:21 | Research | Double-Bit Axe |
| 10:22 | Research | Horse Collar |
| 10:37 | Create | Skirmisher |
| 10:38 | Create | Villager (Male) |
| 10:42 | Build | House |
| 10:46 | Build | Palisade Wall |
| 10:51 | Create | Villager (Male) |
| 11:08 | Create | Villager (Male) |
| 11:16 | Create | Skirmisher |
| 11:20 | Build | House |
| 11:29 | Build | House |
| 11:40 | Create | Villager (Male) |
| 11:43 | Build | Farm |
| 11:44 | Build | Farm |
| 12:03 | Create | Villager (Male) |
| 12:04 | Build | House |
| 12:07 | Build | Farm |
| 12:17 | Create | Skirmisher |
| 12:19 | Build | Farm |
| 12:27 | Build | House |
| 12:32 | Create | Villager (Male) |
| 12:34 | Build | Farm |
| 12:35 | Create | Villager (Male) |
| 12:58 | Create | Villager (Male) |
| 13:06 | Create | Villager (Male) |
| 13:06 | Create | Villager (Male) |
| 13:08 | Create | Skirmisher |
| 13:14 | Build | Palisade Wall |
| 13:20 | Create | Skirmisher |
| 13:28 | Build | Farm |
| 13:32 | Create | Villager (Male) |
| 13:32 | Create | Villager (Male) |
| 13:39 | Build | Palisade Wall |
| 13:46 | Build | House |
| 13:50 | Build | Blacksmith |
| 13:51 | Create | Villager (Male) |
| 13:59 | Create | Villager (Male) |
| 14:01 | Build | House |
| 14:06 | Build | Farm |
| 14:11 | Create | Villager (Male) |
| 14:12 | Create | Villager (Male) |
| 14:12 | Create | Villager (Male) |
| 14:22 | Build | Farm |
| 14:28 | Create | Villager (Male) |
| 14:34 | Build | Mining Camp |
| 14:56 | Create | Villager (Male) |
| 15:43 | Create | Villager (Male) |
| 16:05 | Build | Palisade Wall |
| 16:18 | Create | Villager (Male) |
| 16:26 | Research | Fletching |
| 16:31 | Build | Palisade Wall |
| 16:37 | Create | Villager (Male) |
| 16:48 | Create | Skirmisher |
| 16:52 | Build | Watch Tower |
| 16:55 | Build | Palisade Wall |
| 16:57 | Create | Villager (Male) |
| 17:01 | Create | Villager (Male) |
| 17:10 | Research | Padded Archer Armor |
| 17:11 | Create | Villager (Male) |
| 17:18 | Create | Villager (Male) |
| 17:24 | Create | Villager (Male) |
| 17:25 | Build | House |
| 17:26 | Create | Villager (Male) |
| 17:35 | Build | Palisade Wall |
| 17:36 | Create | Villager (Male) |
| 17:53 | Build | Farm |
| 17:53 | Build | Farm |
| 17:55 | Build | Farm |
| 17:55 | Create | Villager (Male) |
| 17:59 | Build | Mining Camp |
| 17:59 | Create | Villager (Male) |
| 18:05 | Build | Palisade Wall |
| 18:10 | Build | Market |
| 18:16 | Create | Skirmisher |
| 18:32 | Create | Skirmisher |
| 18:38 | Build | Archery Range |
| 18:54 | Create | Villager (Male) |
| 19:02 | Build | Watch Tower |
| 19:56 | Research | Castle Age |
| 20:15 | Build | Lumber Camp |
| 20:23 | Create | Skirmisher |
| 20:23 | Create | Skirmisher |
| 20:27 | Build | Farm |
| 20:28 | Build | Farm |
| 20:45 | Create | Skirmisher |
| 20:46 | Create | Skirmisher |
| 20:50 | Create | Villager (Male) |
| 20:54 | Build | Farm |
| 20:58 | Build | Lumber Camp |
| 21:09 | Create | Skirmisher |
| 21:10 | Create | Skirmisher |
| 21:36 | Create | Skirmisher |
Match timeline
| 4:19 | wR.Monoz · first_building Barracks |
| 6:05 | Ux'LobodeLaNieve · wall_segment Palisade Wall x5 |
| 6:09 | Ux'LobodeLaNieve · wall_segment Palisade Wall x3 |
| 6:11 | Ux'LobodeLaNieve · wall_segment Palisade Wall x6 |
| 6:27 | Ux'LobodeLaNieve · wall_segment Palisade Wall x6 |
| 6:33 | Ux'LobodeLaNieve · wall_segment Palisade Wall x3 |
| 6:50 | Ux'LobodeLaNieve · wall_segment Palisade Wall x7 |
| 6:52 | Ux'LobodeLaNieve · wall_segment Palisade Wall x1 |
| 6:57 | Ux'LobodeLaNieve · wall_segment Palisade Wall x9 |
| 7:47 | Ux'LobodeLaNieve · wall_segment Palisade Wall x6 |
| 8:34 | wR.Monoz · wall_segment Palisade Wall x1 |
| 8:43 | Ux'LobodeLaNieve · first_building Barracks |
| 8:50 | Ux'LobodeLaNieve · wall_segment Palisade Wall x1 |
| 8:52 | Ux'LobodeLaNieve · wall_segment Palisade Wall x1 |
| 8:57 | Ux'LobodeLaNieve · wall_segment Palisade Wall x1 |
| 9:03 | Ux'LobodeLaNieve · wall_segment Palisade Wall x1 |
| 9:24 | Ux'LobodeLaNieve · wall_segment Palisade Wall x1 |
| 9:25 | wR.Monoz · age_up feudal |
| 9:26 | Ux'LobodeLaNieve · age_up feudal |
| 9:41 | wR.Monoz · first_building Archery Range |
| 9:57 | Ux'LobodeLaNieve · first_building Archery Range |
| 10:46 | Ux'LobodeLaNieve · wall_segment Palisade Wall x1 |
| 13:14 | Ux'LobodeLaNieve · wall_segment Palisade Wall x7 |
| 13:39 | Ux'LobodeLaNieve · wall_segment Palisade Wall x2 |
| 13:53 | wR.Monoz · first_building Stable |
| 15:11 | wR.Monoz · wall_segment Palisade Wall x1 |
| 16:05 | Ux'LobodeLaNieve · wall_segment Palisade Wall x5 |
| 16:05 | wR.Monoz · wall_segment Palisade Wall x9 |
| 16:31 | Ux'LobodeLaNieve · wall_segment Palisade Wall x1 |
| 16:55 | Ux'LobodeLaNieve · wall_segment Palisade Wall x1 |
| 17:35 | Ux'LobodeLaNieve · wall_segment Palisade Wall x1 |
| 18:05 | Ux'LobodeLaNieve · wall_segment Palisade Wall x1 |
| 18:54 | Ux'LobodeLaNieve · first_market_buy 100 stone |
| 22:22 | Ux'LobodeLaNieve · first_market_sell 100 wood |
| 22:36 | Ux'LobodeLaNieve · age_up castle |
| 22:39 | wR.Monoz · age_up castle |
| 22:43 | wR.Monoz · first_building Siege Workshop |
| 24:16 | Ux'LobodeLaNieve · first_building Siege Workshop |
| 26:53 | Ux'LobodeLaNieve · first_building Monastery |
| 27:09 | Ux'LobodeLaNieve · first_building Castle |
| 30:11 | wR.Monoz · first_market_sell 100 food |
| 31:01 | wR.Monoz · first_market_buy 500 stone |
| 31:51 | wR.Monoz · first_building Castle |
| 32:45 | wR.Monoz · first_building Monastery |
| 33:21 | wR.Monoz · age_up imperial |
| 33:28 | Ux'LobodeLaNieve · resign |
[ AI ANALYSIS · 1 CREDIT ]
What really happened in this match?
Wolo.gg analyzes every decision: build order, eco, micro, common mistakes by bracket. Personalized analysis on WhatsApp or Discord in 30 seconds.
Civ guide
Malians
Perfil
Jugador #6779041